 Dungeon Crawl Stone Soup version 0.20-a0-859-g4680a50 (webtiles) character file.

35813 RebelPilot the Blocker (level 13, -3/84 HPs)
             Began as a Gargoyle Fighter on Mar 11, 2017.
             Was a High Priest of Okawaru.
             Slain by a death yak (16 damage)
             ... on level 6 of the Lair of Beasts on Mar 12, 2017.
             The game lasted 01:09:02 (18014 turns).

RebelPilot the Blocker (Gargoyle Fighter)          Turns: 18014, Time: 01:09:03

Health: -3/84      AC: 25    Str: 26    XL:     13   Next: 86%
Magic:  13/13      EV: 12    Int:  8    God:    Okawaru [*****.]
Gold:   846        SH: 15    Dex:  9    Spells: 12/12 levels left

rFire    . . .     SeeInvis .   l - +7 trident of Iconoclasm {pierce, MR+}
rCold    . . .     Gourm    .   p - +3 scale mail {rPois}
rNeg     + . .     Faith    .   c - +1 shield
rPois    ∞         Spirit   .   S - +1 helmet
rElec    +         Reflect  .   H - +0 cloak {MR+}
rCorr    .         Harm     .   (no gloves)
MR       ++...                  (no boots)
Stlth    ..........             (no amulet)
Regen    0.3/turn               y - +2 ring of evasion
MPRegen  0.2/turn               R - ring of flight

@: no status effects
A: negative energy resistance 1, electricity resistance, unbreathing,
petrification resistance, rot immunity, AC +9
a: Heroism, Finesse, Renounce Religion, Evoke Flight


You were on level 6 of the Lair of Beasts.
You worshipped Okawaru.
Okawaru was extremely pleased with you.
You were not hungry.

You visited 2 branches of the dungeon, and saw 16 of its levels.

You collected 943 gold pieces.
You spent 97 gold pieces at shops.

Inventory:

Hand Weapons
 l - the +7 trident of Iconoclasm (weapon) {pierce, MR+}
   (You found it on level 2 of the Lair of Beasts)

   It inflicts extra damage upon your enemies.
   It affects your resistance to hostile enchantments.
 D - a +3 demon whip of venom
 I - the +7 quarterstaff "Hina" {flame, Dex+2 Stlth+}
   (You found it on level 9 of the Dungeon)

   It has been specially enchanted to burn those struck by it, causing extra
   injury to most foes and up to half again as much damage against particularly
   susceptible opponents.
   It affects your dexterity (+2).
   It makes you more stealthy.
 M - a +3 flail
 U - a +3 morningstar of holy wrath
Armour
 c - a +1 shield (worn)
 p - a +3 scale mail of poison resistance (worn)
 H - a +0 cloak of magic resistance (worn)
 O - a +1 chain mail of magic resistance
 S - a +1 helmet (worn)
 V - the +1 chain mail of Betinel {rPois}
   (Okawaru gifted it to you on level 6 of the Lair of Beasts)

   It protects you from poison.
Jewellery
 j - an uncursed ring of see invisible
 y - a +2 ring of evasion (right hand)
 R - a ring of flight (left hand)
Wands
 a - a wand of confusion (24/48)
 k - a wand of flame (14/48)
 u - a wand of disintegration (15/24)
 B - a wand of confusion (19/48)
 C - a wand of iceblast (5/15)
 G - a wand of acid (11/15)
 N - a wand of iceblast (13/15)
 P - a wand of clouds (5/9)
Scrolls
 i - a scroll of recharging
 t - a scroll of fog
 w - 7 scrolls of teleportation
 x - 8 scrolls of remove curse
 E - 6 scrolls of amnesia
 K - a scroll of random uselessness
 Q - 4 scrolls of identify
Potions
 b - 7 potions of lignification
 d - 2 potions of might
 e - 4 potions of agility
 g - 6 potions of haste
 h - 3 potions of flight {unknown}
 m - 2 potions of resistance {unknown}
 n - 4 potions of cancellation {unknown}
 o - 2 potions of heal wounds {unknown}
 q - 3 potions of brilliance {unknown}
 r - 2 potions of berserk rage
 v - a potion of magic {unknown}
 z - 3 potions of curing
 A - a potion of ambrosia {unknown}
 J - 5 potions of mutation {unknown}
Books
 T - a book of Power

   Spells                             Type                      Level
   a - Iskenderun's Battlesphere      Conjuration/Charms           5
   b - Venom Bolt                     Conjuration/Poison           5
   c - Bolt of Magma                  Conjuration/Fire/Earth       5
   d - Iron Shot                      Conjuration/Earth            6
   e - Orb of Destruction             Conjuration                  7
   f - Spellforged Servitor           Conjuration/Summoning        7
Comestibles
 f - 4 bread rations
 s - a meat ration
 F - 10 royal jellies
 L - 8 fruits


   Skills:
 * Level 11.3 Fighting
 * Level 13.4 Maces & Flails
 + Level 0.8 Polearms
 * Level 10.5 Armour
 + Level 1.7 Stealth
 * Level 14.5 Shields
 + Level 1.3 Invocations


You had 12 spell levels left.
You didn't know any spells.

Dungeon Overview and Level Annotations

Branches:
Dungeon (10/15)            Temple (0/1) D:6            Lair (6/6) D:8
  Swamp (0/4) Lair:2       Spider (0/4) Lair:2        Slime (0/5) Lair:5
    Orc: D:9-12

Altars:
Ashenzari
Cheibriados
Dithmenos
Elyvilon
Hepliaklqana
Nemelex Xobeh
Okawaru
Trog
Vehumet
Wu Jian
Xom
Yredelemnul
Zin
The Shining One
Jiyva

Shops:
D:6 ?


Innate Abilities, Weirdness & Mutations

You are resistant to torment.
Your stone body is resilient. (AC +9)
You are immune to poison.
You resist negative energy. (rN+)
You are resistant to electric shocks. (rElec)
You can survive without breathing.
You are immune to petrification.
You are immune to rotting.


Message History

* * * LOW HITPOINT WARNING * * *
You hit the death yak.
The death yak is severely wounded.
You feel like a meek peon again.
The death yak gores you but does no damage.
The death yak misses you. x2; You block the death yak's attack.
You hit the death yak.
The death yak is almost dead.
You block the death yak's attack.
The death yak gores you but does no damage.
The death yak barely misses you. x2
You hit the death yak but do no damage.
The death yak is almost dead.
The death yak gores you.
* * * LOW HITPOINT WARNING * * *
You block the death yak's attack. The death yak gores you.
* * * LOW HITPOINT WARNING * * *
The death yak completely misses you. You block the death yak's attack.
The death yak gores you!
You die...

....##.......#..#
.....#.....P#.........##
....##...............#.#
.#.###.....P#... .....#
P..###.....###P.###..###
..#.##P....#.........#.#
......................#
...............YY....#
...............Y@....#
#..##......#...Y##...##
...##.....#.#### ##...##
..#..#......#######....#
...........#....P#P..P##
.....#......#....#....##
....##....P.#....##...P#
...#..............#..P##
......................#


You could see 4 death yaks.

Vanquished Creatures
  Gastronok (Lair:3)
  Snorg (Lair:3)
  3 hydras
  Erica (D:10)
  A two-headed ogre (D:8)
  A death yak (Lair:6)
  Nergalle (Lair:4)
  Pikel (D:4)
  6 elephants (Lair:6)
  Joseph (D:7)
  2 black mambas
  6 spiny frogs
  Maurice (D:8)
  A rime drake (Lair:2)
  A gargoyle (D:10)
  2 komodo dragons
  A tyrant leech (Lair:2)
  Prince Ribbit (D:8)
  A troll (D:9)
  2 hornets
  6 dream sheep
  9 blink frogs
  9 hippogriffs
  43 yaks
  A wraith (D:10)
  7 wyverns
  3 basilisks
  Grum (D:8)
  The ghost of RebelPilot the Shield-Bearer, an amateur HuFi (D:3)
  Menkaure (D:7)
  An acid dragon (D:8)
  10 water moccasins
  8 porcupines
  4 black bears
  5 orc warriors
  2 sky beasts
  3 necrophages
  3 ice beasts
  2 ogres
  12 wolves
  4 centaurs
  11 crocodiles
  6 big kobolds
  9 bullfrogs
  A wyvern zombie (D:10)
  A wyvern skeleton (D:7)
  A water moccasin skeleton (D:6)
  2 scorpions (Lair:2)
  3 wights (D:8)
  6 howler monkeys
  7 crimson imps
  A centaur zombie (D:7)
  A bullfrog zombie (D:8)
  A quasit (D:9)
  7 hounds
  6 jellies
  4 orc priests
  2 bullfrog skeletons
  A centaur skeleton (D:8)
  5 orc wizards
  5 iguanas
  7 worker ants
  A hound zombie (D:5)
  A howler monkey zombie (D:10)
  5 gnolls
  2 howler monkey skeletons (D:7)
  10 adders
  5 shadow imps
  5 oozes
  3 adder zombies
  3 adder skeletons
  7 dart slugs
  4 worms
  5 leopard geckos
  37 orcs
  10 giant cockroaches
  11 hobgoblins
  3 jackals (D:8)
  14 kobolds
  4 quokkas
  10 bats
  3 frilled lizards
  11 goblins
  A jackal skeleton (D:7)
  A leopard gecko skeleton (D:7)
  A quokka skeleton (D:4)
  2 rats
416 creatures vanquished.

Vanquished Creatures (others)
  A howler monkey (D:4)
  An adder (D:4)
  An orc (D:4)
  A bush (Lair:6)
  11 fungi
  5 plants (Lair:6)
20 creatures vanquished.

Grand Total: 436 creatures vanquished

Notes
Turn   | Place    | Note
-------+----------+-------------------------------------------
     0 | D:1      | RebelPilot the Gargoyle Fighter began the quest for the Orb.
     0 | D:1      | Reached XP level 1. HP: 14/14 MP: 1/1
   210 | D:1      | Reached XP level 2. HP: 19/19 MP: 2/2
   234 | D:1      | Found a shattered altar of Ashenzari.
   570 | D:1      | Reached XP level 3. HP: 23/23 MP: 3/3
   921 | D:2      | Found a shadowy altar of Dithmenos.
   956 | D:2      | Reached skill level 4 in Shields
  1116 | D:2      | Reached XP level 4. HP: 28/28 MP: 4/4
  1624 | D:3      | Noticed RebelPilot's ghost (amateur HuFi)
  1632 | D:3      | Killed RebelPilot's ghost
  1632 | D:3      | Reached XP level 5. HP: 32/33 MP: 5/5
  1845 | D:3      | Reached XP level 6. HP: 38/38 MP: 6/6
  1850 | D:3      | Reached skill level 5 in Shields
  1891 | D:3      | Found a hazy altar of Hepliaklqana.
  1892 | D:3      | Found a shimmering altar of Xom.
  1893 | D:3      | Noticed a spectral ugly thing
  2152 | D:3      | Found a glowing golden altar of the Shining One.
  2184 | D:3      | Found a basalt altar of Yredelemnul.
  2185 | D:3      | Found a radiant altar of Vehumet.
  2495 | D:3      | Found an ornate altar of the Wu Jian Council.
  2671 | D:4      | Noticed a slave
  2672 | D:4      | Noticed Pikel
  2679 | D:4      | Noticed a slave
  2688 | D:4      | Noticed a slave
  2698 | D:4      | Noticed a slave
  2718 | D:4      | Killed Pikel
  2718 | D:4      | Reached skill level 5 in Maces & Flails
  2718 | D:4      | Reached skill level 6 in Shields
  2718 | D:4      | Reached XP level 7. HP: 26/44 MP: 7/7
  3017 | D:4      | Reached XP level 8. HP: 30/48 MP: 8/8
  3075 | D:4      | Found a bloodstained altar of Trog.
  3075 | D:4      | Found an iron altar of Okawaru.
  3120 | D:4      | Became a worshipper of Warmaster Okawaru
  3180 | D:5      | Entered Level 5 of the Dungeon
  3305 | D:5      | Reached skill level 7 in Shields
  3386 | D:5      | Found a sparkling altar of Nemelex Xobeh.
  3469 | D:5      | Reached skill level 5 in Armour
  3890 | D:6      | Reached skill level 5 in Fighting
  3916 | D:6      | Found a staircase to the Ecumenical Temple.
  3979 | D:6      | Found a glowing silver altar of Zin.
  3984 | D:6      | Found Raorph's Magic Scroll Emporium.
  4003 | D:6      | Bought a scroll of enchant armour for 97 gold pieces
  4129 | D:6      | Reached * piety under Okawaru
  4625 | D:6      | Reached XP level 9. HP: 40/54 MP: 9/9
  4890 | D:7      | Reached skill level 8 in Shields
  4913 | D:7      | Noticed Joseph
  4913 | D:7      | Noticed Menkaure
  4926 | D:7      | Killed Menkaure
  4932 | D:7      | Killed Joseph
  5222 | D:7      | Reached ** piety under Okawaru
  5827 | D:7      | Found a bloodstained altar of Trog.
  6229 | D:7      | Found a white marble altar of Elyvilon.
  6381 | D:7      | Reached *** piety under Okawaru
  6553 | D:7      | Reached XP level 10. HP: 61/61 MP: 10/10
  6749 | D:8      | Reached skill level 9 in Shields
  7013 | D:8      | Noticed a two-headed ogre
  7023 | D:8      | Killed a two-headed ogre
  7447 | D:8      | Noticed Grum
  7457 | D:8      | Reached skill level 10 in Shields
  7467 | D:8      | Found a snail-covered altar of Cheibriados.
  7495 | D:8      | Killed Grum
  7503 | D:8      | Reached **** piety under Okawaru
  7529 | D:8      | Noticed Prince Ribbit
  7555 | D:8      | Killed Prince Ribbit
  7743 | D:8      | Reached skill level 10 in Maces & Flails
  8024 | D:8      | Found a staircase to the Lair.
  8125 | D:8      | Reached XP level 11. HP: 67/67 MP: 11/11
  8142 | D:8      | Noticed Maurice
  8153 | D:8      | Killed Maurice
  8819 | D:9      | Reached ***** piety under Okawaru
  8999 | D:9      | Got a transparent quarterstaff
  9144 | D:9      | Reached skill level 11 in Shields
  9207 | D:9      | Noticed a three-headed hydra
  9216 | D:9      | Killed a three-headed hydra
  9822 | D:10     | Entered Level 10 of the Dungeon
  9882 | D:10     | Received a gift from Okawaru
  9897 | D:10     | Got a faintly glowing fustibalus {god gift}
 10384 | D:10     | Noticed Erica
 10403 | D:10     | Killed Erica
 10428 | D:10     | Reached XP level 12. HP: 65/75 MP: 12/12
 11814 | Lair:1   | Entered Level 1 of the Lair of Beasts
 12087 | Lair:1   | Reached skill level 1 in Stealth
 12087 | Lair:1   | Reached skill level 12 in Shields
 12801 | Lair:2   | Found a staircase to the Swamp.
 13022 | Lair:2   | Found a hole to the Spider Nest.
 13031 | Lair:2   | Received a gift from Okawaru
 13227 | Lair:2   | Identified the +7 quarterstaff "Hina" {flame, Dex+2 Stlth+} (You found it on level 9 of the Dungeon)
 13278 | Lair:2   | Got a fine trident
 13500 | Lair:3   | Noticed Snorg
 13524 | Lair:3   | Killed Snorg
 14513 | Lair:3   | Noticed Gastronok
 14531 | Lair:3   | Killed Gastronok
 14531 | Lair:3   | Reached skill level 10 in Fighting
 14531 | Lair:3   | Reached skill level 13 in Shields
 14788 | Lair:3   | Reached skill level 10 in Armour
 14849 | Lair:4   | Reached XP level 13. HP: 80/82 MP: 13/13
 14906 | Lair:4   | Noticed Nergalle
 14940 | Lair:4   | Killed Nergalle
 15441 | Lair:4   | Received a gift from Okawaru
 16195 | Lair:5   | Reached skill level 1 in Invocations
 16622 | Lair:5   | Found a viscous altar of Jiyva.
 16622 | Lair:5   | Found a staircase to the Slime Pits.
 16705 | Lair:6   | Entered Level 6 of the Lair of Beasts
 16799 | Lair:6   | Reached skill level 14 in Shields
 17020 | Lair:6   | Received a gift from Okawaru
 17023 | Lair:6   | Got a warped chain mail {god gift}
 17034 | Lair:6   | Identified the +1 chain mail of Betinel {rPois} (Okawaru gifted it to you on level 6 of the Lair of Beasts)
 17318 | Lair:6   | Identified the +7 trident of Iconoclasm {pierce, MR+} (You found it on level 2 of the Lair of Beasts)
 18014 | Lair:6   | Slain by a death yak

Vault maps used:
D:1:      minmay_arrival_plants_in_alcoves, ashenzari_altar_1
D:2:      lemuel_round_altar, hangedman_decor_push
D:3:      regret_index_temple_of_mockery, lemuel_doored_altar, minitemple,
          tso_metal_star
D:4:      grunt_temple_overflow_bloody_war, first_bread, uniq_pikel
D:5:      nemelex_xobeh_ov_fountains_minmay
D:6:      zin_academy, temple_doors_cd, serial_shops, shop
D:7:      elyvilon_altar_1, trog_ov_bears_minmay, uniq_joseph, uniq_menkaure
D:8:      slow_altar_1, erik_lair_dragon, uniq_maurice, uniq_prince_ribbit1,
          uniq_grum
D:9:      hangedman_ranch
D:10:     uniq_erica
Lair:2:   minmay_swamp_entry_worms, nicolae_spider_entry_non_spiders
Lair:3:   minivault_25, grunt_megastairs_4, uniq_snorg, uniq_gastronok
Lair:4:   lemuel_fruit_tree, grunt_megastairs_2, infiniplex_staircase_pool_2,
          uniq_nergalle
Lair:5:   dpeg_slime_entry_enclosed_altar
Lair:6:   grunt_lair_end_beastmaster

Skill      XL: |  1  2  3  4  5  6  7  8  9 10 11 12 13 |
---------------+----------------------------------------+-----
Shields        | 4 6 7 8 10 11 13 14 | 14.5
Maces & Flails | 3 5 7 9 10 11 12 13 | 13.4
Fighting       | 4 5 6 7 8 10 11 | 11.3
Armour         | 4 5 6 7 8 10 | 10.5
Stealth        | 1 |  1.7
Invocations    | 1 |  1.3
Polearms       | |  0.8

Action                   |  1- 3 |  4- 6 |  7- 9 | 10-12 | 13-15 || total
-------------------------+-------+-------+-------+-------+-------++-------
Melee: Flail             |   109 |   177 |   136 |       |       ||   422
       Mace              |       |       |   363 |    92 |       ||   455
       Demon whip        |       |       |       |   847 |   399 ||  1246
       Trident           |       |       |       |       |    51 ||    51
Invok: Heroism           |       |       |     2 |    21 |    11 ||    34
  Use: Scroll            |     3 |     1 |     5 |    20 |     7 ||    36
       Potion            |       |     2 |     1 |     1 |       ||     4
  Eat: Chunk             |     1 |       |       |     2 |     2 ||     5
       Bread ration      |       |     1 |     2 |     1 |       ||     4
       Royal jelly       |       |       |     1 |       |       ||     1
       Meat ration       |       |       |     1 |     3 |     1 ||     5
       Fruit             |       |       |       |     5 |     7 ||    12
Armor: Scale mail        |    73 |   102 |       |    51 |   235 ||   461
       Plate armour      |       |    33 |   271 |   294 |       ||   598
Dodge: Dodged            |    40 |    85 |    73 |   199 |   226 ||   623
Block: Shield            |    81 |   176 |   320 |   560 |   404 ||  1541
